[ AOE2 MATCH · #461649865 ]
1v1 RMMagyars vs Portuguese
Player's team · WIN
[ REPLAY ANALYSIS · EXTRACTED FROM THE RECORDED GAME ]
Feudal
10:12
Castle
14:12
Imperial
27:32
| APM avg | 41.7 |
| APM peak | 83 |
| eAPM avg | 22.8 |
| Villagers / military | 129 / 315 |
Focus
⚔️ 33.0% · 🌾 67.0%
Knight ×124 · Magyar Huszar ×92 · Cavalry Archer ×65 · Scorpion ×14 · Trebuchet (Packed) ×9 · Skirmisher ×5
Feudal
11:36
Castle
15:19
Imperial
32:12
| APM avg | 47.0 |
| APM peak | 82 |
| eAPM avg | 27.7 |
| Villagers / military | 171 / 514 |
Focus
⚔️ 35.5% · 🌾 64.5%
Spearman ×307 · Hand Cannoneer ×127 · Skirmisher ×33 · Organ Gun ×31 · Bombard Cannon ×8 · Trebuchet (Packed) ×4
Match map
Initial resources + every placement click. Lines = walls · curves = elevation contours. ◆ gold · ⬟ stone · ● berries · ✦ relic · ◌ wall gap
Your base· ✓ Closed at 14:12 · 0t walls · 2 gate(s)
Kinseidon's base· ✓ Closed at 15:19 · 0t walls · 2 gate(s)
Smoothed initial terrain · ◌ = detected wall gap · hover for details
Inputs per minute
— A-Made - - Kinseidon
Build order — A-Made
First 150 of 463 actions detected
| 0:00 | Create | Villager (Male) |
| 0:00 | Create | Villager (Male) |
| 0:00 | Create | Villager (Male) |
| 0:01 | Create | Villager (Male) |
| 0:02 | Build | House |
| 0:03 | Build | House |
| 1:34 | Create | Villager (Male) |
| 1:46 | Build | Lumber Camp |
| 2:05 | Create | Villager (Male) |
| 2:05 | Create | Villager (Male) |
| 2:09 | Build | House |
| 2:21 | Create | Villager (Male) |
| 2:49 | Create | Villager (Male) |
| 3:27 | Create | Villager (Male) |
| 3:27 | Create | Villager (Male) |
| 4:09 | Create | Villager (Male) |
| 4:09 | Create | Villager (Male) |
| 4:25 | Build | House |
| 4:26 | Build | House |
| 4:27 | Build | House |
| 4:34 | Create | Villager (Male) |
| 4:34 | Create | Villager (Male) |
| 5:13 | Build | Mill |
| 5:25 | Create | Villager (Male) |
| 5:25 | Create | Villager (Male) |
| 5:25 | Create | Villager (Male) |
| 5:25 | Create | Villager (Male) |
| 6:56 | Create | Villager (Male) |
| 6:56 | Create | Villager (Male) |
| 7:26 | Build | Farm |
| 7:28 | Build | Farm |
| 7:32 | Build | Farm |
| 7:58 | Research | Feudal Age |
| 8:04 | Build | Mining Camp |
| 8:13 | Create | Villager (Male) |
| 8:13 | Create | Villager (Male) |
| 10:12 | Age | Feudal Age |
| 10:15 | Build | Market |
| 10:55 | Build | Blacksmith |
| 11:05 | Create | Villager (Male) |
| 11:32 | Research | Castle Age |
| 11:54 | Research | Double-Bit Axe |
| 12:27 | Create | Villager (Male) |
| 12:29 | Research | Horse Collar |
| 12:45 | Create | Villager (Male) |
| 12:49 | Research | Gold Mining |
| 12:49 | Research | Gold Mining |
| 13:19 | Create | Villager (Male) |
| 14:12 | Age | Castle Age |
| 14:16 | Build | Monastery |
| 14:19 | Build | Town Center |
| 14:27 | Create | Villager (Male) |
| 14:28 | Create | Villager (Male) |
| 14:41 | Build | Town Center |
| 14:51 | Create | Villager (Male) |
| 14:59 | Create | Monk |
| 14:59 | Create | Monk |
| 15:08 | Research | Bow Saw |
| 15:27 | Create | Monk |
| 15:31 | Build | Farm |
| 15:34 | Build | Farm |
| 15:38 | Build | Farm |
| 15:45 | Create | Villager (Male) |
| 15:55 | Build | Farm |
| 15:57 | Create | Villager (Male) |
| 15:57 | Create | Villager (Male) |
| 16:03 | Build | Farm |
| 16:22 | Create | Villager (Male) |
| 16:22 | Create | Villager (Male) |
| 16:24 | Build | Farm |
| 16:26 | Build | Farm |
| 16:54 | Create | Villager (Male) |
| 16:54 | Create | Villager (Male) |
| 16:54 | Create | Villager (Male) |
| 16:58 | Build | Farm |
| 17:14 | Create | Villager (Male) |
| 17:14 | Create | Villager (Male) |
| 17:16 | Create | Villager (Male) |
| 17:16 | Create | Villager (Male) |
| 17:24 | Create | Villager (Male) |
| 17:24 | Create | Villager (Male) |
| 17:27 | Build | Farm |
| 17:30 | Build | Farm |
| 17:33 | Build | Farm |
| 17:36 | Build | Farm |
| 17:42 | Build | Farm |
| 17:46 | Create | Villager (Male) |
| 17:47 | Create | Villager (Male) |
| 17:49 | Build | Farm |
| 18:07 | Build | House |
| 18:09 | Build | House |
| 18:10 | Build | House |
| 18:14 | Build | Farm |
| 18:17 | Build | Farm |
| 18:18 | Create | Villager (Male) |
| 18:18 | Create | Villager (Male) |
| 18:28 | Create | Villager (Male) |
| 18:29 | Create | Villager (Male) |
| 18:43 | Research | Wheelbarrow |
| 18:44 | Research | Wheelbarrow |
| 18:46 | Build | Farm |
| 18:49 | Build | Farm |
| 19:07 | Create | Villager (Male) |
| 19:07 | Create | Villager (Male) |
| 20:29 | Create | Villager (Male) |
| 20:29 | Create | Villager (Male) |
| 20:29 | Create | Villager (Male) |
| 20:29 | Create | Villager (Male) |
| 20:32 | Build | Barracks |
| 20:32 | Create | Villager (Male) |
| 20:32 | Create | Villager (Male) |
| 20:59 | Build | Stone Wall |
| 21:03 | Build | Stone Wall |
| 21:06 | Build | Stone Wall |
| 21:18 | Create | Villager (Male) |
| 21:18 | Create | Villager (Male) |
| 21:18 | Create | Villager (Male) |
| 21:18 | Create | Villager (Male) |
| 21:31 | Create | Villager (Male) |
| 21:31 | Create | Villager (Male) |
| 21:31 | Create | Villager (Male) |
| 21:51 | Build | Stone Wall |
| 21:54 | Build | Stone Wall |
| 21:56 | Build | Stone Wall |
| 21:57 | Build | Stone Wall |
| 21:59 | Create | Villager (Male) |
| 21:59 | Create | Villager (Male) |
| 22:00 | Create | Villager (Male) |
| 22:03 | Build | Mill |
| 22:04 | Build | Farm |
| 22:04 | Build | Farm |
| 22:04 | Build | Farm |
| 22:04 | Build | Farm |
| 22:04 | Build | Farm |
| 22:05 | Build | Farm |
| 22:05 | Build | Farm |
| 22:09 | Build | Stable |
| 22:12 | Build | Farm |
| 22:48 | Build | Stable |
| 22:49 | Create | Villager (Male) |
| 22:49 | Create | Villager (Male) |
| 22:49 | Create | Villager (Male) |
| 22:49 | Create | Villager (Male) |
| 22:52 | Build | House |
| 22:54 | Build | House |
| 22:54 | Build | House |
| 22:55 | Build | House |
| 22:57 | Build | House |
| 23:03 | Build | University |
| 23:06 | Build | Farm |
Build order — Kinseidon
First 150 of 626 actions detected
| 0:01 | Create | Villager (Male) |
| 0:01 | Create | Villager (Male) |
| 0:02 | Create | Villager (Male) |
| 0:02 | Create | Villager (Male) |
| 0:02 | Create | Villager (Male) |
| 0:05 | Build | House |
| 0:07 | Build | House |
| 1:24 | Create | Villager (Male) |
| 1:24 | Create | Villager (Male) |
| 1:54 | Build | Lumber Camp |
| 2:03 | Create | Villager (Male) |
| 2:03 | Create | Villager (Male) |
| 2:29 | Create | Villager (Male) |
| 2:29 | Create | Villager (Male) |
| 2:59 | Create | Villager (Male) |
| 3:00 | Create | Villager (Male) |
| 3:00 | Create | Villager (Male) |
| 3:29 | Create | Villager (Male) |
| 3:29 | Create | Villager (Male) |
| 3:29 | Create | Villager (Male) |
| 4:17 | Build | House |
| 4:19 | Create | Villager (Male) |
| 4:19 | Create | Villager (Male) |
| 4:33 | Build | Mill |
| 4:51 | Create | Villager (Male) |
| 4:51 | Create | Villager (Male) |
| 4:51 | Create | Villager (Male) |
| 5:08 | Create | Villager (Male) |
| 5:09 | Create | Villager (Male) |
| 5:09 | Create | Villager (Male) |
| 5:09 | Create | Villager (Male) |
| 5:18 | Build | House |
| 5:54 | Create | Villager (Male) |
| 5:55 | Create | Villager (Male) |
| 6:32 | Create | Villager (Male) |
| 6:32 | Create | Villager (Male) |
| 6:36 | Create | Villager (Male) |
| 6:49 | Build | Lumber Camp |
| 6:49 | Create | Villager (Male) |
| 6:57 | Create | Villager (Male) |
| 7:37 | Build | House |
| 8:15 | Build | Mining Camp |
| 8:20 | Build | Farm |
| 8:36 | Build | Farm |
| 8:38 | Create | Villager (Male) |
| 9:06 | Build | Mining Camp |
| 9:24 | Research | Feudal Age |
| 9:27 | Build | Farm |
| 11:36 | Age | Feudal Age |
| 11:39 | Create | Villager (Male) |
| 11:39 | Create | Villager (Male) |
| 11:44 | Build | Market |
| 11:49 | Build | Blacksmith |
| 12:14 | Build | House |
| 12:39 | Research | Castle Age |
| 12:39 | Research | Castle Age |
| 12:59 | Research | Double-Bit Axe |
| 13:21 | Build | Farm |
| 13:24 | Build | Farm |
| 13:27 | Build | Farm |
| 13:31 | Build | Farm |
| 13:38 | Build | Farm |
| 13:41 | Research | Horse Collar |
| 14:11 | Build | House |
| 15:01 | Research | Stone Mining |
| 15:19 | Age | Castle Age |
| 15:24 | Build | Monastery |
| 15:46 | Build | Town Center |
| 15:47 | Create | Villager (Male) |
| 15:48 | Create | Villager (Male) |
| 15:56 | Create | Villager (Male) |
| 15:57 | Create | Villager (Male) |
| 16:06 | Research | Bow Saw |
| 16:06 | Research | Bow Saw |
| 16:09 | Create | Monk |
| 16:19 | Create | Villager (Male) |
| 16:42 | Create | Villager (Male) |
| 16:44 | Create | Villager (Male) |
| 17:04 | Research | Loom |
| 17:23 | Create | Villager (Male) |
| 17:24 | Create | Villager (Male) |
| 17:24 | Create | Villager (Male) |
| 17:24 | Create | Villager (Male) |
| 17:27 | Create | Villager (Male) |
| 17:44 | Build | Farm |
| 17:51 | Build | Farm |
| 17:52 | Create | Villager (Male) |
| 18:11 | Build | Castle |
| 18:28 | Create | Villager (Male) |
| 18:31 | Create | Villager (Male) |
| 18:32 | Create | Villager (Male) |
| 18:35 | Build | Farm |
| 18:35 | Build | Farm |
| 18:35 | Build | Farm |
| 18:35 | Build | Farm |
| 18:44 | Create | Villager (Male) |
| 18:48 | Build | Farm |
| 18:49 | Build | Farm |
| 19:03 | Create | Villager (Male) |
| 19:08 | Build | Farm |
| 19:10 | Create | Villager (Male) |
| 19:24 | Build | House |
| 20:00 | Build | House |
| 20:28 | Create | Monk |
| 20:48 | Create | Villager (Male) |
| 20:48 | Create | Villager (Male) |
| 21:06 | Create | Villager (Male) |
| 21:07 | Create | Villager (Male) |
| 21:07 | Create | Villager (Male) |
| 21:07 | Create | Villager (Male) |
| 21:53 | Create | Villager (Male) |
| 21:53 | Create | Villager (Male) |
| 21:53 | Create | Villager (Male) |
| 22:03 | Build | Siege Workshop |
| 22:06 | Create | Villager (Male) |
| 22:07 | Create | Villager (Male) |
| 22:19 | Build | Watch Tower |
| 22:32 | Create | Mangonel |
| 22:32 | Create | Mangonel |
| 23:08 | Create | Villager (Male) |
| 23:08 | Create | Villager (Male) |
| 23:10 | Build | House |
| 23:11 | Build | House |
| 23:39 | Create | Organ Gun |
| 23:39 | Create | Organ Gun |
| 23:40 | Create | Organ Gun |
| 23:47 | Build | Mill |
| 23:55 | Create | Organ Gun ×5 |
| 23:55 | Create | Organ Gun ×5 |
| 23:57 | Create | Villager (Male) |
| 23:57 | Create | Villager (Male) |
| 23:59 | Build | House |
| 24:00 | Build | House |
| 24:00 | Build | House |
| 24:00 | Build | House |
| 24:01 | Build | House |
| 24:01 | Build | House |
| 24:02 | Create | Villager (Male) |
| 24:02 | Create | Villager (Male) |
| 24:03 | Create | Villager (Male) |
| 24:04 | Build | Farm |
| 24:04 | Build | Farm |
| 24:05 | Build | Farm |
| 24:05 | Build | Farm |
| 24:05 | Build | Farm |
| 24:06 | Build | Farm |
| 24:06 | Build | Farm |
| 24:06 | Build | Farm |
| 24:06 | Build | Farm |
| 24:06 | Build | Farm |
Match timeline
| 10:12 | A-Made · age_up feudal |
| 11:36 | Kinseidon · age_up feudal |
| 14:12 | A-Made · age_up castle |
| 14:16 | A-Made · first_building Monastery |
| 15:19 | Kinseidon · age_up castle |
| 15:24 | Kinseidon · first_building Monastery |
| 17:24 | A-Made · first_market_buy 100 food |
| 18:11 | Kinseidon · first_building Castle |
| 20:32 | A-Made · first_building Barracks |
| 20:59 | A-Made · wall_segment Stone Wall x1 |
| 21:03 | A-Made · wall_segment Stone Wall x2 |
| 21:06 | A-Made · wall_segment Stone Wall x4 |
| 21:51 | A-Made · wall_segment Stone Wall x6 |
| 21:54 | A-Made · wall_segment Stone Wall x7 |
| 21:56 | A-Made · wall_segment Stone Wall x3 |
| 21:57 | A-Made · wall_segment Stone Wall x1 |
| 22:03 | Kinseidon · first_building Siege Workshop |
| 22:09 | A-Made · first_building Stable |
| 24:26 | A-Made · first_building Siege Workshop |
| 25:23 | A-Made · first_market_sell 100 wood |
| 27:32 | A-Made · age_up imperial |
| 28:09 | Kinseidon · first_market_sell 100 wood |
| 29:25 | A-Made · first_building Castle |
| 31:56 | Kinseidon · first_building Barracks |
| 32:12 | Kinseidon · age_up imperial |
| 35:33 | A-Made · wall_segment Stone Wall x1 |
| 37:53 | A-Made · first_building Archery Range |
| 42:08 | Kinseidon · first_building Stable |
| 52:34 | Kinseidon · first_building Archery Range |
| 54:32 | Kinseidon · first_market_buy 100 wood |
| 59:32 | Kinseidon · resign |
[ AI ANALYSIS · 1 CREDIT ]
What really happened in this match?
Wolo.gg analyzes every decision: build order, eco, micro, common mistakes by bracket. Personalized analysis on WhatsApp or Discord in 30 seconds.
Civ guide
Magyars
Map guide
Arena
Perfil
A-Made